AoeStats
← ynimral27

Arena

509483243Analyzed
4v4 RM · 6d ago on Sep 26, 2026· 31m 27s· 8 players
Game mode
Random Map
Map size
Large (8 player)
Population
200
Speed
Normal
Resources
Standard
Victory
Conquest
Starting age
Dark Age
Ending age
Imperial Age
RankedLock teamsTeams togetherTeam positionsShared explorationLock speedFull tech treeHidden civsTurbo modeCheats
Victory
Defeat
🇧🇦 Saxons · Bosnia & Herzegovina
1238
+13
🇧🇦 Persians · Bosnia & Herzegovina
1238
+13
🇦🇷 Spanish · Argentina
1201
+14
🇬🇧 Varangians · United Kingdom
1165
+29
🇧🇷 Portuguese · Brazil
1190
-15
🇧🇷 Cumans · Brazil
1180
-15
🇺🇾 Goths · Uruguay
1146
-13
🇵🇪 Bohemians · Peru
1125
-12
Profesor Cocoon
10:06 Feudal Age
9:28 Loom
10:52 Stone Mining
14:35 Castle Age
29:28 Husbandry
29:45 Double-Bit Axe
29:58 Horse Collar
byBELMO!
11:12 Feudal Age
14:53 Castle Age
13:04 Double-Bit Axe
13:22 Horse Collar
15:55 Bloodlines
21:11 Scale Barding Armor
23:27 Chain Barding Armor
24:41 Wheelbarrow
24:18 Bow Saw
24:37 Forging
25:22 Gold Mining
26:49 Husbandry
28:07 Iron Casting
29:58 Hand Cart
29:30 Loom
Suke
11:51 Feudal Age
12:47 Double-Bit Axe
15:21 Castle Age
13:14 Horse Collar
16:58 Loom
18:43 Fletching
19:38 Bow Saw
21:46 Forging
24:55 Bodkin Arrow
30:35 Imperial Age
29:55 Scale Mail Armor
31:02 Elite Hearth Troop
32:03 Conscription
Necrocat219
10:53 Feudal Age
11:27 Double-Bit Axe
17:07 Castle Age
14:54 Loom
18:45 Bow Saw
19:34 Bloodlines
21:56 Horse Collar
29:09 Wheelbarrow
28:19 Town Watch
28:56 Husbandry
29:06 Scale Barding Armor
29:12 Forging
29:14 Stone Mining
29:14 Gold Mining
31:02 Hand Cart
Kmioncito322
12:37 Feudal Age
13:16 Double-Bit Axe
18:04 Castle Age
16:57 Horse Collar
19:33 Bow Saw
19:24 Heavy Plow
20:05 Loom
21:10 Fletching
21:50 Bodkin Arrow
24:42 Murder Holes
25:08 Ballistics
25:39 Wheelbarrow
Dougras
9:10 Feudal Age
10:34 Double-Bit Axe
11:27 Fletching
14:00 Padded Archer Armor
19:02 Wheelbarrow
19:29 Gold Mining
21:47 Castle Age
20:28 Horse Collar
21:44 Gold Mining
22:11 Scale Mail Armor
22:22 Forging
21:59 Elite Skirmisher
22:02 Pikeman
23:31 Bow Saw
26:08 Fervor
26:01 Heavy Plow
ynimral27
10:29 Feudal Age
15:11 Castle Age
13:22 Double-Bit Axe
13:54 Horse Collar
15:08 Man-at-Arms
15:59 Long Swordsman
20:39 Wheelbarrow
22:46 Scale Mail Armor
23:18 Forging
XydanAlves
9:45 Feudal Age
10:31 Double-Bit Axe
26:36 Castle Age
25:37 Wheelbarrow
26:55 Horse Collar
31:20 Imperial Age
29:55 Hand Cart
29:52 Bow Saw
29:45 Heavy Plow
29:40 Loom
29:50 Gold Mining
Connection lost

Rejoining the realm…

Still unreachable

The connection could not be restored.

Session expired

The server has moved on; the page needs a fresh start.